 Dungeon Crawl Stone Soup version 0.25-a0-992-gca090100c3 (webtiles) character file.

Game seed: 3861990069794642568, levelgen mode: deterministic

75 Flugslaktarn the Covered (level 4, -1/42 HPs)
             Began as a Deep Dwarf Fighter on May 11, 2020.
             Killed by divine providence
             ... invoked by an orc priest
              (14 damage)
             ... on level 4 of the Dungeon.
             The game lasted 00:00:30 (460 turns).

Flugslaktarn the Covered (Deep Dwarf Fighter)        Turns: 460, Time: 00:00:31

Health: -1/42      AC:  7    Str: 20    XL:     4   Next: 11%
Magic:  3/3        EV:  7    Int:  8    God:
Gold:   16         SH:  9    Dex: 13    Spells: 3/3 levels left

rFire    . . .     SeeInvis .   a - +0 war axe
rCold    . . .     Gourm    .   c - +0 kite shield
rNeg     . . .     Faith    .   b - +0 scale mail
rPois    .         Spirit   .   (no helmet)
rElec    .         Reflect  .   (no cloak)
rCorr    .         Harm     .   (no gloves)
MR       .....                  (no boots)
Stlth    ..........             (no amulet)
HPRegen  0.00/turn              (no ring)
MPRegen  0.08/turn              (no ring)

@: lethally poisoned (-1 -> -1), non-regenerating
A: damage resistance, heal wounds, sense surroundings 1, no regeneration
a: Heal Wounds


You were on level 4 of the Dungeon.
You were not hungry.

You visited 1 branch of the dungeon, and saw 4 of its levels.

You collected 16 gold pieces.

Inventory:

Hand Weapons
 a - a +0 war axe (weapon)
Armour
 b - a +0 scale mail (worn)
 c - a +0 kite shield (worn)
Scrolls
 f - a scroll of blinking {unknown}
 h - 3 scrolls of identify {unknown}
 k - a scroll of noise {unknown}
 l - a scroll of random uselessness {unknown}
 m - a scroll of remove curse {unknown}
 p - a scroll of magic mapping {unknown}
Potions
 d - a potion of might
 i - a potion of brilliance {unknown}
 j - a potion of heal wounds {unknown}
 n - a potion of invisibility {unknown}
 o - a potion of stabbing {unknown}
Comestibles
 e - 3 rations
 g - a chunk of flesh


   Skills:
 + Level 3.1 Fighting
 * Level 3.5 Axes
 + Level 3.8 Armour
 + Level 3.8 Shields


You had 3 spell levels left.
You didn't know any spells.
Your spell library was empty.

Dungeon Overview and Level Annotations

Branches:
Dungeon (4/15)
 Temple: D:4-7

Altars:

Annotations:
D:4 1 runed translucent door, Gwenloh's ghost, amateur HaWr


Innate Abilities, Weirdness & Mutations

You are resistant to damage.
You can heal yourself by infusing magical energy.
You passively map a small area around you.
You do not regenerate.


Message History

Beogh smites you!
You hit the orc but do no damage.
The orc is almost dead.
You hit the orc priest.
The orc wizard casts a spell.
The orc wizard blinks!
The orc closely misses you.
The orc priest calls down the wrath of Beogh upon you.
Beogh smites you!
You slash the orc!
You kill the orc!
You hit the orc priest.
A magic dart appears from out of thin air!
The magic dart hits you.
The orc wizard gestures wildly while chanting.
The orc wizard blinks!
The orc priest hits you.
You hit the orc priest but do no damage.
The orc priest is heavily wounded.
The orc priest calls down the wrath of Beogh upon you.
Beogh smites you!
You die...

#.# #.# *
#.# ,*
#.### #
#.#.., .#
#.#.###ยง#
, #.#.#...
#.#.#.# ,
#...@o#
###.###
#.# #.# **
#.# , ..#
### ,,


You could see an orc priest.

Vanquished Creatures
  A worker ant (D:4)
  3 adders
  A worm (D:2)
  An orc (D:4)
  2 goblins (D:1)
  4 hobgoblins (D:1)
  4 bats
  4 kobolds
  3 rats
23 creatures vanquished.

Notes
Turn   | Place    | Note
-------+----------+-------------------------------------------
     0 | D:1      | Flugslaktarn the Deep Dwarf Fighter began the quest for the
                  | Orb.
     0 | D:1      | Reached XP level 1. HP: 20/20 MP: 1/1
   191 | D:1      | Reached XP level 2. HP: 24/27 MP: 2/2
   309 | D:2      | Reached XP level 3. HP: 19/34 MP: 3/3
   410 | D:4      | Found a runed translucent door.
   412 | D:4      | Noticed Gwenloh's ghost (amateur HaWr)
   412 | D:4      | Noticed a bullfrog
   445 | D:4      | Reached XP level 4. HP: 26/42 MP: 4/4
   460 | D:4      | Killed from afar by an orc priest

Illustrated notes

Levels and vault maps discovered:
D:1:      scummos_arrival_simple_crosswalls, layout_loops_ring
D:2:      layout_rooms, makhleb_grotto_becter
D:3:      layout_loops_ring, kiku_gazebo_garden_becter, lemuel_doored_altar,
          chequers_ecumenical_altar_island, kennysheep_path_1, uniq_jessica
D:4:      layout_basic, kennysheep_mini_moat, led_sif_book,
          ebering_ghost_sewer_f, first_ration, uniq_pikel

Skill      XL: |  1  2 |
---------------+-------+-----
Fighting       | 3 |  3.1
Axes           | 3 |  3.5
Armour         | |  3.8
Shields        | |  3.8

Action                   |  1- 3 |  4- 6 || total
-------------------------+-------+-------++-------
Melee: War axe           |    94 |     4 ||    98
 Abil: Heal Wounds       |     1 |     1 ||     2
Armor: Scale mail        |    37 |       ||    37
Dodge: Dodged            |    28 |     1 ||    29
Block: Kite shield       |    56 |     1 ||    57

Table legend:
 A = Non-vault XP
 B = Vault XP
 C = Vault XP percentage of total XP
 D = Non-vault monster count
 E = Vault monster count
 F = Vault count percentage of total count
                 A         B        C        D         E       F
            +---------+---------+-------+---------+---------+-------
      Total |     108 |       0 |   0.0 |      23 |       0 |   0.0
            +---------+---------+-------+---------+---------+-------
        D:1 |      18 |       0 |   0.0 |      11 |       0 |   0.0
        D:2 |      39 |       0 |   0.0 |       9 |       0 |   0.0
        D:3 |      14 |       0 |   0.0 |       1 |       0 |   0.0
        D:4 |      37 |       0 |   0.0 |       2 |       0 |   0.0
            +---------+---------+-------+---------+---------+-------
